 Dungeon Crawl Stone Soup version 0.32-a0-160-g465344b4ef (webtiles) character file.

Game seed: 195002459730669152

93 lagdotcom the Cudgeller (level 4, -4/28 HPs)
             Began as a Gargoyle Monk on Feb 11, 2024.
             Slain by Grinder (5 damage)
             ... on level 3 of the Dungeon.
             The game lasted 00:05:45 (1517 turns).

lagdotcom the Cudgeller (Gargoyle Monk)             Turns: 1517, Time: 00:05:46

Health: -4/28      AC:  5    Str: 17    XL:     4   Next: 61%
Magic:  4/4        EV: 12    Int: 10    God:
Gold:   82         SH:  0    Dex: 12    Spells: 3/3 levels left

rFire   . . .        a - +0 mace
rCold   . . .        d - orb {light}
rNeg    + . .        b - +0 robe
rPois   ∞            (no helmet)
rElec   +            (no cloak)
rCorr   .            (no gloves)
SInv    .            (no boots)
Will    .....        (no amulet)
Stlth   +            (no ring)
HPRegen 0.24/turn    (no ring)
MPRegen 0.09/turn

%: no passive effects
@: glowing
A: sickness immunity, AC +3, negative energy resistance 1, electricity
resistance, torment resistance 1, petrification resistance
a: no special abilities


You were on level 3 of the Dungeon.
You visited 1 branch of the dungeon, and saw 3 of its levels.

You collected 82 gold pieces.

Inventory:

Hand Weapons
 a - a +0 mace (weapon)
Missiles
 Q - 5 stones (quivered)
Armour
 b - a +0 robe (worn)
 d - an orb of light (worn)
Scrolls
 e - a scroll of poison {unknown}
 f - 2 scrolls of identify {unknown}
 h - a scroll of fog {unknown}
 j - 2 scrolls of teleportation {unknown}
 k - a scroll of fear {unknown}
Potions
 c - a potion of ambrosia
 g - a potion of curing {unknown}
 i - a potion of heal wounds
 l - a potion of magic {unknown}


   Skills:
 - Level 3.2 Fighting
 + Level 5.2 Maces & Flails
 - Level 2.4 Dodging


You had 3 spell levels left.
You didn't know any spells.
Your spell library was empty.

Dungeon Overview and Level Annotations

Branches:
Dungeon (3/15)

Altars:

Shops:
D:2 (

Annotations:
D:3 Grinder


Innate Abilities, Weirdness & Mutations

You are immune to sickness and miasma.
Your stone body is resilient. (AC +3)
You are immune to poison.
You resist negative energy. (rN+)
You are resistant to electric shocks. (rElec)
You are resistant to unholy torment.
You are immune to petrification.


Message History

You hit the adder. The adder barely misses you.
You hit Grinder. You hit Grinder. Grinder closely misses you.
You hit Grinder. Grinder hits you.
* * * LOW HITPOINT WARNING * * *
You take 5 damage, and have 12/28 hp.
You barely miss Grinder. Grinder gestures at you.
Pain shoots through your body!
* * * LOW HITPOINT WARNING * * *
Grinder hits you but does no damage.
You take 1 damage, and have 11/28 hp.
You hit Grinder but do no damage.
Grinder blinks!
You thump the adder!
You kill the adder!
You barely miss the quokka. The quokka closely misses you.
You hit the quokka.
The quokka bites you but does no damage.
You hit the quokka.
You kill the quokka!
Grinder blinks!
You see here a wand of quicksilver (9).
Grinder gestures at you. Pain shoots through your body!
* * * LOW HITPOINT WARNING * * *
You take 4 damage, and have 9/28 hp.
Grinder gestures at you. Pain shoots through your body!
* * * LOW HITPOINT WARNING * * *
You take 3 damage, and have 6/28 hp.
You hit Grinder but do no damage.
Grinder grins, showing sharp teeth.
Grinder closely misses you.
You hit Grinder but do no damage. Grinder gestures at you.
Pain shoots through your body!
* * * LOW HITPOINT WARNING * * *
Grinder hits you.
You die...
Grinder says, "Hey, I wasn't done torturing you yet!"

..#..#....#...#
..#..#....#.###
.....#......##..
##...#......##.#
#...#......##...
#...#.[.......#+#######
#......).####.........#
#...####...<#.........#
#...#########..@5.....#
#.>........./.#.#######
#.#######.#####.#
#...............#
###########.##### ...
###

Skill      XL: |  1  2  3  4 |
---------------+-------------+-----
Maces & Flails | 4 5 |  5.2
Fighting       | |  3.2
Dodging        | |  2.4

Notes
Turn   | Place    | Note
-------+----------+-------------------------------------------
     0 | D:1      | lagdotcom the Gargoyle Monk began the quest for the Orb.
     0 | D:1      | Reached XP level 1. HP: 14/14 MP: 1/1
   175 | D:1      | Reached XP level 2. HP: 19/19 MP: 2/2
   268 | D:1      | Reached skill level 4 in Maces & Flails
   275 | D:1      | HP: 4/19 [goblin/+0 club (2)]
   277 | D:1      | HP: 1/19 [dart slug/slug dart (1)]
   280 | D:1      | Reached XP level 3. HP: 2/23 MP: 3/3
   283 | D:1      | HP: 1/23 [dart slug (2)]
   731 | D:2      | Found Plog's Weapon Shop.
   782 | D:2      | Reached XP level 4. HP: 27/28 MP: 4/4
   912 | D:2      | Reached skill level 5 in Maces & Flails
  1484 | D:3      | Noticed Grinder
  1515 | D:3      | HP: 6/28 [Grinder/nerve-wracking pain (4)]
  1517 | D:3      | HP: 1/28 [Grinder/nerve-wracking pain (5)]
  1517 | D:3      | Slain by Grinder

Table legend: (Time is in decaauts)
 A = Elapsed time spent in this place.
 B = Non-inter-level travel time spent in this place.
 C = Inter-level travel time spent in this place.
 D = Time resting spent in this place.
 E = Time spent auto-exploring this place.
 F = Levels seen in this place.
 G = Mean time per level.
                   A        B        C        D        E       F      G
               +--------+--------+--------+--------+--------+-----+--------+
         Total |   1540 |   1516 |     24 |      0 |   1155 |   3 |  513.3 |
       Dungeon |   1540 |   1516 |     24 |      0 |   1155 |   3 |  513.3 |
               +--------+--------+--------+--------+--------+-----+--------+

Top non-repeatable levels by time:
     D:2: 769 daAuts
     D:1: 666 daAuts
     D:3: 104 daAuts

Table legend:
 A = Kills in this place as a percentage of kills in the entire game.
 B = Kills by you in this place as a percentage of kills by you in the entire game.
 C = Kills by friends in this place as a percentage of kills by friends in the entire game.
 D = Other kills in this place as a percentage of other kills in the entire game.
 E = Experience gained in this place as a percentage of experience gained in the entire game.
 F = Experience gained in this place divided by the number of levels of this place that you have seen.
                   A       B       C       D       E      F
               +-------+-------+-------+-------+-------+----------------------
         Total | 100.0 | 100.0 |   N/A |   N/A | 100.0 |  44.3
       Dungeon | 100.0 | 100.0 |   N/A |   N/A | 100.0 |  44.3
               +-------+-------+-------+-------+-------+----------------------

Action                     |  1- 3 |  4- 6 || total
---------------------------+-------+-------++-------
  Melee: Mace              |    82 |    51 ||   133
  Throw: Stone             |     2 |       ||     2
    Use: Potion            |       |     1 ||     1
 Armour: Robe              |    62 |    23 ||    85
  Dodge: Dodged            |    59 |    31 ||    90

Vanquished Creatures
  3 adders
  5 dart slugs
  5 bats
  6 endoplasms
  3 giant cockroaches (D:1)
  8 goblins
  4 hobgoblins
  2 quokkas
  6 ball pythons
  4 frilled lizards
  2 kobolds (D:1)
  8 rats
56 creatures vanquished. You could see Grinder.

Levels and vault maps discovered:
D:1:      dpeg_arrival_simpleton_b, layout_rooms, minmay_close_crescents
D:2:      layout_loops_ring, serial_shops, nicolae_shop_bloodbath_and_beyond
D:3:      cheibrodos_fertilizer, layout_basic, kennysheep_crisscross,
          minmay_misc_feat_tiny, solitary_fountain, uniq_grinder
